 Dungeon Crawl Stone Soup version 0.26.1-11-gd32895ea62 (webtiles) character file.

Game seed: 11242946916988893664

99 Almogavar the Chiller (level 4, -1/38 HPs)
             Began as a Gnoll Wanderer on July 11, 2021.
             Slain by a white imp (5 damage)
             ... on level 3 of the Dungeon.
             The game lasted 00:08:38 (2881 turns).

Almogavar the Chiller (Gnoll Wanderer)              Turns: 2881, Time: 00:08:40

Health: -1/38      AC:  3    Str: 12    XL:     4   Next: 72%
Magic:  11/11      EV: 11    Int: 14    God:
Gold:   243        SH:  4    Dex: 18    Spells: 13/13 levels left

rFire    . . .     SeeInvis .   e - +1 dagger (venom)
rCold    . . .     Faith    .   h - +0 buckler
rNeg     . . .     Spirit   .   b - +0 leather armour
rPois    .         Reflect  .   (no helmet)
rElec    .         Harm     .   (no cloak)
rCorr    .         Rampage  .   (no gloves)
Will     .....                  (no boots)
Stlth    ++........             (no amulet)
HPRegen  0.12/turn              (no ring)
MPRegen  0.12/turn              (no ring)

@: no status effects
A: distributed training, fangs 1, strong nose
a: no special abilities


You were on level 3 of the Dungeon.
You visited 1 branch of the dungeon, and saw 3 of its levels.

You collected 243 gold pieces.

Inventory:

Hand Weapons
 e - a +1 dagger of venom (weapon)
Missiles
 a - 3 poisoned darts (quivered)
 d - 85 stones
 j - 72 arrows
Armour
 b - a +0 leather armour (worn)
 g - a cursed +0 helmet
 h - a +0 buckler (worn)
 i - a +0 kite shield
 t - a +0 ring mail
Scrolls
 f - 2 scrolls of fear
 l - a scroll of amnesia
 m - 2 scrolls of teleportation
 o - a scroll of blinking {unknown}
 r - a scroll of magic mapping {unknown}
 s - a scroll of noise {unknown}
 w - a scroll of enchant weapon {unknown}
Potions
 c - a potion of curing
 k - a potion of magic
 n - 2 potions of degeneration {unknown}
 p - a potion of ambrosia {unknown}
 q - 2 potions of flight {unknown}
 u - 2 potions of lignification {unknown}
 v - a potion of haste {unknown}


   Skills:
 + Level 4.7 Fighting
 + Level 1.2 Short Blades
 + Level 1.2 Long Blades
 + Level 1.2 Axes
 + Level 1.2 Maces & Flails
 + Level 1.2 Polearms
 + Level 1.2 Staves
 + Level 1.2 Slings
 + Level 1.2 Bows
 + Level 2.8 Crossbows
 + Level 2.8 Throwing
 + Level 1.2 Armour
 + Level 1.2 Dodging
 + Level 2.6 Stealth
 + Level 1.2 Shields
 + Level 1.2 Unarmed Combat
 + Level 5.1 Spellcasting
 + Level 1.0 Conjurations
 + Level 1.0 Hexes
 + Level 1.0 Summonings
 + Level 1.0 Necromancy
 + Level 1.0 Translocations
 + Level 1.0 Transmutations
 + Level 1.0 Fire Magic
 + Level 5.5 Ice Magic
 + Level 1.0 Air Magic
 + Level 1.0 Earth Magic
 + Level 1.0 Poison Magic
 + Level 1.3 Invocations
 + Level 1.2 Evocations


You had 13 spell levels left.
You didn't know any spells.
Your spell library contained the following spells:

 Spells                   Type           Power        Failure   Level
 Foxfire                  Conj/Fire      24%          22%         1
 Magic Dart               Conj           24%          22%         1
 Blink                    Tloc           N/A          32%         2
 Call Imp                 Summ           6%           32%         2
 Slow                     Hex            6%           32%         2
 Conjure Flame            Conj/Fire      6%           54%         3
 Mephitic Cloud           Conj/Pois/Air  6%           54%         3
 Stone Arrow              Conj/Erth      12%          54%         3


Dungeon Overview and Level Annotations

Branches:
Dungeon (3/15)

Altars:
Gozag
Sif Muna

Annotations:
D:3 Grinder


Innate Abilities, Weirdness & Mutations

Your experience applies equally to all skills.
You have very sharp teeth.
Your uncanny sense of smell can sniff out nearby items.


Message History

You barely miss Grinder.
Grinder is heavily wounded.
Grinder hits you!
You writhe in agony.
You hit Grinder but do no damage.
Grinder is heavily wounded.
Grinder closely misses you. The white imp gestures at you.
The puff of frost hits you!
* * * LOW HITPOINT WARNING * * *
You hit Grinder but do no damage. You bite Grinder.
Grinder is heavily wounded.
Grinder hits you but does no damage. The white imp closely misses you.
You closely miss the white imp.
You bite the white imp, but do no damage.
Grinder hits you.
* * * LOW HITPOINT WARNING * * *
The white imp hits you.
* * * LOW HITPOINT WARNING * * *
The white imp freezes you.
You die...

#.#..... #.#.....
#.#..... #.#.....
#.###...
###########.######
................#
..###########.##...##.##
......5@5.....##...##..#
.###############...###.#
#######...###..
......'...+....
#######...####.
##...##### ###<.....###
#..........#
#..........#


You could see Grinder (very poisoned) and a white imp.

Vanquished Creatures
  Robin (D:3)
  2 adders (D:3)
  An ooze (D:1)
  2 worms (D:2)
  A dart slug (D:1)
  2 leopard geckos
  An orc (D:3)
  2 giant cockroaches (D:1)
  12 goblins
  8 hobgoblins
  4 jackals (D:2)
  4 bats
  2 frilled lizards (D:1)
  5 kobolds
  7 rats
54 creatures vanquished.

Notes
Turn   | Place    | Note
-------+----------+-------------------------------------------
     0 | D:1      | Almogavar the Gnoll Wanderer began the quest for the Orb.
     0 | D:1      | Almogavar set off with the following items: a +0 dagger, a
                  | potion of curing, a +0 robe; and the following spells
                  | available to memorise: Foxfire, Magic Dart, Blink, Call
                  | Imp, Slow, Conjure Flame, Mephitic Cloud, Stone Arrow
     0 | D:1      | Reached XP level 1. HP: 20/20 MP: 6/6
   269 | D:1      | Reached XP level 2. HP: 18/26 MP: 7/7
  1102 | D:1      | Reached XP level 3. HP: 30/31 MP: 9/9
  1147 | D:1      | Reached skill level 5 in Spellcasting
  1593 | D:2      | Reached skill level 1 in Invocations
  1698 | D:2      | Found an opulent altar of Gozag.
  2173 | D:3      | Noticed Robin
  2188 | D:3      | Reached skill level 1 in Short Blades
  2188 | D:3      | Reached skill level 1 in Long Blades
  2188 | D:3      | Reached skill level 1 in Axes
  2188 | D:3      | Reached skill level 1 in Maces & Flails
  2188 | D:3      | Reached skill level 1 in Polearms
  2188 | D:3      | Reached skill level 1 in Staves
  2188 | D:3      | Reached skill level 1 in Slings
  2188 | D:3      | Reached skill level 1 in Bows
  2188 | D:3      | Reached skill level 1 in Armour
  2188 | D:3      | Reached skill level 1 in Dodging
  2188 | D:3      | Reached skill level 1 in Shields
  2188 | D:3      | Reached skill level 1 in Unarmed Combat
  2188 | D:3      | Reached skill level 1 in Evocations
  2304 | D:3      | Reached XP level 4. HP: 37/38 MP: 11/11
  2329 | D:3      | Killed Robin
  2707 | D:3      | Found a shimmering blue altar of Sif Muna.
  2759 | D:3      | Reached skill level 1 in Conjurations
  2759 | D:3      | Reached skill level 1 in Hexes
  2759 | D:3      | Reached skill level 1 in Summonings
  2759 | D:3      | Reached skill level 1 in Necromancy
  2759 | D:3      | Reached skill level 1 in Translocations
  2759 | D:3      | Reached skill level 1 in Transmutations
  2759 | D:3      | Reached skill level 1 in Fire Magic
  2759 | D:3      | Reached skill level 1 in Air Magic
  2759 | D:3      | Reached skill level 1 in Earth Magic
  2759 | D:3      | Reached skill level 1 in Poison Magic
  2868 | D:3      | Noticed Grinder
  2881 | D:3      | Slain by a white imp

Illustrated notes

Levels and vault maps discovered:
D:1:      nzn_arrival_crosshair, layout_loops_corners, serial_bayou_crossing
D:2:      layout_basic, grunt_gozag_statues
D:3:      layout_basic, lemuel_doored_altar, uniq_grinder, uniq_robin

Skill      XL: |  1  2  3  4 |
---------------+-------------+-----
Spellcasting   | 5 |  5.1
Invocations    | 1 |  1.3
Short Blades   | 1 |  1.2
Long Blades    | 1 |  1.2
Axes           | 1 |  1.2
Maces & Flails | 1 |  1.2
Polearms       | 1 |  1.2
Staves         | 1 |  1.2
Slings         | 1 |  1.2
Bows           | 1 |  1.2
Armour         | 1 |  1.2
Dodging        | 1 |  1.2
Shields        | 1 |  1.2
Unarmed Combat | 1 |  1.2
Evocations     | 1 |  1.2
Conjurations   | 1 |  1.0
Hexes          | 1 |  1.0
Summonings     | 1 |  1.0
Necromancy     | 1 |  1.0
Translocations | 1 |  1.0
Transmutations | 1 |  1.0
Fire Magic     | 1 |  1.0
Air Magic      | 1 |  1.0
Earth Magic    | 1 |  1.0
Poison Magic   | 1 |  1.0
Fighting       | |  4.7
Crossbows      | |  2.8
Throwing       | |  2.8
Stealth        | |  2.6
Ice Magic      | |  5.5

Action                   |  1- 3 |  4- 6 || total
-------------------------+-------+-------++-------
Melee: Dagger            |   115 |    46 ||   161
       Bite              |    14 |     4 ||    18
Throw: Stone             |     5 |     5 ||    10
       Dart              |       |     3 ||     3
  Use: Scroll            |     5 |       ||     5
       Potion            |       |     1 ||     1
 Stab: Sleeping          |     5 |     1 ||     6
Armor: Robe              |     9 |       ||     9
       Leather armour    |     4 |     8 ||    12
Dodge: Dodged            |    51 |    21 ||    72
Block: Buckler           |    16 |     8 ||    24
